 Dungeon Crawl Stone Soup version 0.26.0-45-g9c1d065592 (webtiles) character file.

Game seed: 9592231998497971700

114 kaeus the Insei (level 4, 0/37 HPs)
             Began as a Draconian Transmuter on Feb 1, 2021.
             Slain by an adder (3 damage)
             ... on level 1 of the Dungeon.
             The game lasted 00:02:50 (2260 turns).

kaeus the Insei (Draconian Transmuter)              Turns: 2260, Time: 00:02:51

Health: 0/37       AC:  2    Str: 12    XL:     4   Next: 66%
Magic:  4/7        EV: 19    Int: 13    God:
Gold:   109        SH:  0    Dex: 18    Spells: 3/7 levels left

rFire    . . .     SeeInvis .     - Unarmed
rCold    . . .     Faith    .   (shield currently unavailable)
rNeg     . . .     Spirit   .   (armour unavailable)
rPois    x         Reflect  .   (helmet currently unavailable)
rElec    .         Harm     .   (cloak currently unavailable)
rCorr    .         Rampage  .   (gloves currently unavailable)
Will     .....                  (boots currently unavailable)
Stlth    ++........             (no amulet)
HPRegen  0.12/turn              (no ring)
MPRegen  0.10/turn              (no ring)

@: spider-form
A: tiny, unfitting armour, AC +5
a: End Transformation


You were on level 1 of the Dungeon.
You were a venomous arachnid creature.
You visited 1 branch of the dungeon, and saw 3 of its levels.

You collected 109 gold pieces.

Inventory:

Armour
 c - a +0 buckler
Jewellery
 e - an uncursed ring of ice
Wands
 i - a wand of disintegration (19)
Scrolls
 a - 3 scrolls of teleportation {unknown}
 b - 2 scrolls of identify {unknown}
Potions
 d - a potion of flight {unknown}
 f - a potion of curing {unknown}
 g - a potion of lignification {unknown}
 h - a potion of haste {unknown}


   Skills:
 - Level 2.4 Fighting
 - Level 1.7 Dodging
 + Level 3.6 Unarmed Combat
 - Level 2.0 Spellcasting
 - Level 3.6 Transmutations
 - Level 1.0 Poison Magic


You had 3 spell levels left.
You knew the following spells:

 Your Spells              Type           Power        Failure   Level
a - Beastly Appendage     Tmut           20%          16%         1
b - Spider Form           Tmut/Pois      3%           50%         3

Your spell library contained the following spells:

 Spells                   Type           Power        Failure   Level
 Wereblood                Tmut           10%          22%         2
 Ice Form                 Ice/Tmut       6%           89%         4
 Blade Hands              Tmut           5%           94%         5


Dungeon Overview and Level Annotations

Branches:
Dungeon (3/15)

Altars:
Ashenzari
Dithmenos
Sif Muna
Yredelemnul


Innate Abilities, Weirdness & Mutations

((Your plain brown scales are hard. (AC +5)))
You cannot fit into any form of body armour.
((You are cold-blooded and may be slowed by cold attacks.))


Message History

You see here 14 stones.
The bat hits you.
* * * LOW HITPOINT WARNING * * *
The adder bites you.
* * * LOW HITPOINT WARNING * * *
You take 4 damage, and have 6/37 hp.
The bat closely misses you. The bat hits you but does no damage. x2
There is a stone staircase leading up here.
The bat hits you but does no damage. The adder bites you but does no damage.
You climb upwards.
There is a stone staircase leading down here.
You are too injured to fight recklessly!
Casting: Beastly Appendage (safe; 5% risk of failure)
Confirm with . or Enter, or press ? or * to list all spells.
You turn into a venomous arachnid creature.
The adder bites you.
* * * LOW HITPOINT WARNING * * *
The adder bites you.
You die...

.....# #))....# .....#
##'##### .....# #.#
.....# #.##### .....#
#.....#
.....#####.###.#
.....'.........#
.....#####.#######
...............Ss#
.################# .#
.# .# .###########
...........############
.)...#####.##.........#
...........##.#######.#


You could see an adder.

Vanquished Creatures
  Jessica (D:2)
  4 adders (D:2)
  An adder skeleton (D:2)
  2 dart slugs (D:1)
  A leopard gecko (D:1)
  5 bats
  A bat zombie (D:2)
  3 giant cockroaches (D:1)
  A goblin (D:1)
  5 hobgoblins (D:1)
  3 jackals (D:2)
  A ball python zombie (D:2)
  A frilled lizard (D:1)
  A jackal skeleton (D:2)
  6 kobolds
  A leopard gecko zombie (D:2)
  A quokka zombie (D:2)
  9 rats
47 creatures vanquished.

Vanquished Creatures (others)
  2 withered plants (D:2)
2 creatures vanquished.

Grand Total: 49 creatures vanquished

Notes
Turn   | Place    | Note
-------+----------+-------------------------------------------
     0 | D:1      | kaeus the Draconian Transmuter began the quest for the Orb.
     0 | D:1      | Reached XP level 1. HP: 16/16 MP: 3/3
   162 | D:1      | Reached XP level 2. HP: 24/24 MP: 3/5
   412 | D:1      | Reached XP level 3. HP: 6/30 MP: 4/6
   417 | D:1      | Learned a level 3 spell: Spider Form
   767 | D:1      | Found a broken altar of Ashenzari.
  1243 | D:2      | Noticed Jessica
  1254 | D:2      | Killed Jessica
  1255 | D:2      | Reached skill level 1 in Poison Magic
  1447 | D:2      | Reached XP level 4. HP: 35/37 MP: 5/7
  1915 | D:2      | Found a basalt altar of Yredelemnul.
  1924 | D:2      | Found a shimmering blue altar of Sif Muna.
  1926 | D:2      | Found a shadowy altar of Dithmenos.
  2260 | D:1      | Slain by an adder

Illustrated notes

Levels and vault maps discovered:
D:1:      sevenhm_arrival_forest_fort_large_4, layout_basic,
          evilmike_ruin_ashenzari
D:2:      layout_rooms, grunt_temple_overflow_open, serial_undead,
          serial_undead_e, serial_undead_f, serial_undead_a, serial_undead_f,
          serial_undead_e, corexii_leaking_fountain, minmay_between,
          uniq_jessica
D:3:      layout_rooms, chequers_temple_overflow_statue_of_worship,
          lemuel_coloured_pillars_altar, chequers_ecumenical_altar_island,
          minmay_misc_feat_encased, minmay_misc_feat_tiny, minmay_quadrilaterals

Skill      XL: |  1  2  3  4 |
---------------+-------------+-----
Fighting       | 2 |  2.4
Poison Magic   | 1 |  1.0
Transmutations | 3 |  3.6
Dodging        | |  1.7
Unarmed Combat | |  3.6
Spellcasting   | |  2.0

Action                   |  1- 3 |  4- 6 || total
-------------------------+-------+-------++-------
Melee: Unarmed           |    69 |    37 ||   106
       Headbutt          |    11 |     5 ||    16
       Kick              |    10 |     4 ||    14
       Punch             |     1 |     1 ||     2
       Tailslap          |     6 |     3 ||     9
 Cast: Beastly Appendage |    17 |     9 ||    26
       Spider Form       |       |     1 ||     1
Armor: Skin              |    19 |    25 ||    44
Dodge: Dodged            |    52 |    64 ||   116
